Staline vs Harfangs (R2)

Created - 6 mai 2015 at 23:24

Goals
1 2 3 T
Staline 0 0 3 3
Harfangs 2 2 2 6
Shots
1 2 3 T
Staline 1 5 21 27
Harfangs 18 4 7 29

1st period

1. Harfangs , Chris Kreider 20 (Stefan Ruzicka, Petri Kontiola) at 6:59 (PP)
2. Harfangs , Kyle Palmieri 1 (Alex Killorn, Peter Olvecky) at 19:18 (PP)

Penalties :
Aaron Ness (StJ) for Holding (Minor) at 6:47, Peter Mueller (StJ) for Holding (Minor) at 7:55, Stu Bickel (StJ) for Interference (Minor) at 15:32, Torey Krug (StJ) for Tripping (Minor) at 18:36

2nd period

3. Harfangs , Chris Kreider 21 (Alexandre Picard, Stefan Ruzicka) at 5:46
4. Harfangs , Petri Kontiola 5 (Alexandre Picard, Stefan Ruzicka) at 5:56

Penalties :
Stu Bickel (StJ) for Tripping (Minor) at 5:59, Aaron Ness (StJ) for Cross-checking (Minor) at 10:21, Mason Raymond (StJ) for Holding (Minor) at 12:47

3rd period

5. Harfangs , Drew Shore 1 (Mike Hoffman, Corey Cowick) at 2:36
6. Harfangs , Mike Hoffman 4 (Drew Shore) at 12:31
7. Staline , Peter Mueller 9 (Mason Raymond, Jared Boll) at 13:44
8. Staline , Nick Spaling 11 (Michael Del Zotto) at 14:12
9. Staline , Stu Bickel 1 (Jared Boll) at 17:19 (PP)

Penalties :
James Wisniewski (BEA) for Fighting (Major) at 2:49, Stu Bickel (StJ) for Fighting (Major) at 2:49, Michael Del Zotto (StJ) for Hooking (Minor) at 6:15, Stefan Ruzicka (BEA) for Charging (Minor) at 9:47, Stefan Ruzicka (BEA) for Tripping (Minor) at 16:49, Stu Bickel (StJ) for Goalie Interference (Minor) at 17:32, Stefan Ruzicka (BEA) for Interference (Minor) at 17:55

Goalie Stats

Martin Houle (StJ), 4 saves from 5 shots - (0,800), 17:24 minutes
Tobias Stephan (StJ), 19 saves from 24 shots - (0,792), L, 8-6-0, 42:36 minutes
Peter Budaj (BEA), 24 saves from 27 shots - (0,889), W, 6-0-0, 60:00 minutes

Players Stats for Staline

Player Name              G  A  P  +/- PIM S  H  SB GA TA FO     MP     PP MP  PK MP  
------------------------------------------------------------------------------------
Aaron Ness               0  0  0   0  4   0  0  0  0  0  0/0     5:14   0:00   0:00 
Cody Eakin               0  0  0   0  0   0  0  0  0  0  0/0     5:55   0:00   0:32 
Danny Kristo             0  0  0  -1  0   0  0  0  0  0  0/0    10:31   0:02   0:00 
David Kolomatis          0  0  0   0  0   0  0  1  0  0  0/0     6:37   0:00   0:43 
Devin Setoguchi          0  0  0  -2  0   3  0  0  1  0  1/1    22:16   1:24   7:16 
Greg Pateryn             0  0  0   0  0   0  0  0  0  0  0/0     0:00   0:00   0:00 
James Sheppard           0  0  0   0  0   0  0  0  0  0  0/0     6:48   0:02   0:28 
Jamie McGinn             0  0  0   0  0   0  0  0  0  0  0/0     0:00   0:00   0:00 
Jared Boll               0  2  2   1  0   0  2  0  0  0  0/0    14:37   1:23   0:00 
Keith Aulie              0  0  0   1  0   1  3  0  1  0  0/0    19:07   1:03   4:56 
Mason Raymond            0  1  1   1  2   1  2  0  0  0  0/0    20:03   1:26   4:23 
Mathieu Perreault        0  0  0  -1  0   2  4  0  0  0  2/7    13:32   0:00   2:27 
Michael Del Zotto        0  1  1  -2  2   1  1  1  0  0  0/0    11:21   0:01   0:00 
Nick Spaling             1  0  1  -1  0   6  1  0  0  0  0/0    11:13   0:06   0:00 
Peter Holland            0  0  0   0  0   0  0  0  0  0  0/0     0:00   0:00   0:00 
Peter Mueller            1  0  1   1  2   1  0  0  1  0  0/7    15:04   1:26   0:00 
Pierre-Luc Létourneau    0  0  0  -2  0   5  4  1  0  1  9/16   26:13   1:23   6:53 
Stu Bickel               1  0  1  -1  11  1  1  0  0  1  0/0    20:28   1:49   4:43 
T.J. Fast                0  0  0  -1  0   3  1  2  1  3  0/0    27:51   1:49   8:15 
Torey Krug               0  0  0  -2  2   0  1  0  0  1  0/0    11:02   0:00   3:05 
Tyler Cuma               0  0  0   1  0   3  0  0  0  0  0/0    18:56   1:03   4:45 
Yan Stastny              0  0  0  -2  0   0  0  0  0  1  9/28   18:20   1:23   4:23 

Players Stats for Harfangs

Player Name              G  A  P  +/- PIM S  H  SB GA TA FO     MP     PP MP  PK MP  
------------------------------------------------------------------------------------
Alex Killorn             0  1  1  -1  0   4  2  0  0  0  6/9    18:17   5:46   0:20 
Alexandre Picard         0  2  2   2  0   2  1  3  1  1  0/0    28:45   7:00   1:37 
Andrew Orpik             0  0  0   2  0   0  0  1  0  0  0/0    13:26   0:29   0:01 
Brett Carson             0  0  0   0  0   1  2  1  0  1  0/0    20:46   6:11   1:14 
Brian Lashoff            0  0  0   0  0   1  0  1  0  1  0/0    12:04   0:00   0:51 
Chris Kreider            2  0  2   2  0   5  2  0  0  0  0/1    22:14   6:51   0:41 
Corey Cowick             0  1  1   2  0   0  1  0  0  0  0/0     8:35   0:34   0:02 
Craig Smith              0  0  0  -1  0   1  4  2  0  0  0/1    11:15   0:29   0:55 
Drew Shore               1  1  2   2  0   1  0  0  0  0  3/4     7:03   0:00   0:06 
James Wisniewski         0  0  0   0  5   1  0  2  0  0  0/0    24:20   5:48   1:38 
Kyle Palmieri            1  0  1  -1  0   1  3  0  0  0  0/1    16:55   5:46   0:00 
Mike Hoffman             1  1  2   2  0   3  2  0  0  0  0/0     7:40   0:29   0:00 
Peter Olvecky            0  1  1  -1  0   0  0  2  0  0  1/1    17:45   5:46   0:20 
Petri Kontiola           1  1  2   2  0   2  1  1  0  1  26/39  23:25   6:56   1:31 
Roman Wick               0  0  0  -1  0   1  1  2  2  0  0/0     9:33   0:00   0:00 
Stefan Ruzicka           0  3  3   2  6   4  1  0  4  0  2/3    21:21   6:55   0:00 
Tomas Tatar              0  0  0  -1  0   2  0  2  0  0  0/0    11:26   0:00   1:49 
Victor Bartley           0  0  0   0  0   0  0  1  0  0  0/0    20:38   6:54   0:23 

3 Stars

1 - Chris Kreider (BEA)
2 - Mike Hoffman (BEA)
3 - Petri Kontiola (BEA)

Power Play

Staline - 1 on 3 Attempt(s) - 33,33%
Harfangs - 2 on 9 Attempt(s) - 22,22%

Penalty Kill

Staline - 7 on 9 Attempt(s) - 77,78% - Score 0 goal in Penalty Kill
Harfangs - 2 on 3 Attempt(s) - 66,67% - Score 0 goal in Penalty Kill

Team Stat

Staline - Hits : 20 - Faceoff Wins : 21 - Blocked Shots : 5 - Penalty Minutes : 23
Harfangs - Hits : 20 - Faceoff Wins : 38 - Blocked Shots : 18 - Penalty Minutes : 11

Official

Referees : LaRue Dennis and McCauley Wes
Linesman : Lonnie Cameron and Tim Nowak

Game Notes

Martin Houle enters game at 2:36 of 3rd period
James Wisniewski beats up Stu Bickel at 2:49 of 3rd period

Finance

Level 1 -- Attendance: 2000 (100,00%) -- Ticket Income 60 000 $
Level 2 -- Attendance: 1000 (100,00%) -- Ticket Income 15 000 $
Total Attendance: 3000 (100,00%)
Total Ticket Income: 75 000 $
Other Income: 3 750 $
Total Income: 78 750 $

Staline

5 vs 5 Forward 
   Center                   Left Wing                Right Wing               Time % Phy DF OF 
 1 Yan Stastny              Pierre-Luc Létourneau    Devin Setoguchi          40     1   2  2  
 2 Peter Mueller            Mason Raymond            Jared Boll               30     1   2  2  
 3 Mathieu Perreault        Nick Spaling             Danny Kristo             20     1   2  2  
 4 Cody Eakin               James Sheppard           Pierre-Luc Létourneau    10     1   2  2  

5 vs 5 Defense 
   Defense                  Defense                                           Time % Phy DF OF 
 1 T.J. Fast                Stu Bickel                                        40     1   2  2  
 2 Keith Aulie              Tyler Cuma                                        30     1   2  2  
 3 Michael Del Zotto        Torey Krug                                        20     1   2  2  
 4 David Kolomatis          Aaron Ness                                        10     1   2  2  

PowerPlay Forward 
   Center                   Left Wing                Right Wing               Time % Phy DF OF 
 1 Yan Stastny              Pierre-Luc Létourneau    Devin Setoguchi          60     1   2  2  
 2 Peter Mueller            Mason Raymond            Jared Boll               40     1   2  2  

PowerPlay Defense
   Defense                  Defense                                           Time % Phy DF OF 
 1 T.J. Fast                Stu Bickel                                        60     1   2  2  
 2 Keith Aulie              Tyler Cuma                                        40     1   2  2  

Penalty Kill 4 Players Forward 
   Center                   Wing                     Time % Phy DF OF 
 1 Pierre-Luc Létourneau    Devin Setoguchi          60     1   2  2  
 2 Yan Stastny              Mason Raymond            40     1   2  2  

Penalty Kill 4 Players Defense
   Defense                  Defense                  Time % Phy DF OF 
 1 T.J. Fast                Stu Bickel               60     1   2  2  
 2 Keith Aulie              Tyler Cuma               40     1   2  2  

Penalty Kill - 3 Players Forward 
   Forward                                           Time % Phy DF OF 
 1 Pierre-Luc Létourneau                             60     1   2  2  
 2 Devin Setoguchi                                   40     1   2  2  

Penalty Kill - 3 Players Defense
   Defense                  Defense                  Time % Phy DF OF 
 1 T.J. Fast                Stu Bickel               60     1   2  2  
 2 Keith Aulie              Tyler Cuma               40     1   2  2  

4 vs 4 Forward 
   Center                   Wing                     Time % Phy DF OF 
 1 Pierre-Luc Létourneau    Devin Setoguchi          60     1   2  2  
 2 Yan Stastny              Mason Raymond            40     1   2  2  

4 vs 4 Defense
   Defense                  Defense                  Time % Phy DF OF 
 1 T.J. Fast                Stu Bickel               60     1   2  2  
 2 Keith Aulie              Tyler Cuma               40     1   2  2  

Last Minutes Offensive
   Center                   Left Wing                Right Wing               Defense                  Defense                  
   Yan Stastny              Pierre-Luc Létourneau    Devin Setoguchi          T.J. Fast                Stu Bickel               

Last Minutes Defensive
   Center                   Left Wing                Right Wing               Defense                  Defense                  
   Yan Stastny              Pierre-Luc Létourneau    Devin Setoguchi          T.J. Fast                Stu Bickel               

Goaltenders
Starting : Tobias Stephan           
Backup : Martin Houle             

Extra Forwards
Normal : Nick Spaling, James Sheppard, Mathieu Perreault - PP : Nick Spaling, James Sheppard - PK : Mathieu Perreault
Extra Defensemen
Normal : Michael Del Zotto, Torey Krug, David Kolomatis - PP : Michael Del Zotto - PK : Torey Krug, David Kolomatis
Penalty Shots
Pierre-Luc Létourneau, Devin Setoguchi, Yan Stastny, Mason Raymond, Peter Mueller

Harfangs

5 vs 5 Forward 
   Center                   Left Wing                Right Wing               Time % Phy DF OF 
 1 Petri Kontiola           Chris Kreider            Stefan Ruzicka           40     0   0  5  
 2 Alex Killorn             Peter Olvecky            Kyle Palmieri            30     0   0  5  
 3 Craig Smith              Tomas Tatar              Roman Wick               20     0   0  5  
 4 Drew Shore               Corey Cowick             Mike Hoffman             10     0   0  5  

5 vs 5 Defense 
   Defense                  Defense                                           Time % Phy DF OF 
 1 Alexandre Picard         James Wisniewski                                  40     0   2  3  
 2 Brett Carson             Victor Bartley                                    30     0   2  3  
 3 Andrew Orpik             Brian Lashoff                                     20     0   3  2  
 4 Alexandre Picard         Andrew Orpik                                      10     0   2  3  

PowerPlay Forward 
   Center                   Left Wing                Right Wing               Time % Phy DF OF 
 1 Petri Kontiola           Chris Kreider            Stefan Ruzicka           60     0   0  5  
 2 Alex Killorn             Peter Olvecky            Kyle Palmieri            40     0   0  5  

PowerPlay Defense
   Defense                  Defense                                           Time % Phy DF OF 
 1 Alexandre Picard         James Wisniewski                                  60     0   2  3  
 2 Brett Carson             Victor Bartley                                    40     0   2  3  

Penalty Kill 4 Players Forward 
   Center                   Wing                     Time % Phy DF OF 
 1 Petri Kontiola           Tomas Tatar              60     0   5  0  
 2 Alex Killorn             Peter Olvecky            40     0   5  0  

Penalty Kill 4 Players Defense
   Defense                  Defense                  Time % Phy DF OF 
 1 James Wisniewski         Alexandre Picard         60     0   5  0  
 2 Brett Carson             Brian Lashoff            40     0   5  0  

Penalty Kill - 3 Players Forward 
   Forward                                           Time % Phy DF OF 
 1 Petri Kontiola                                    60     0   5  0  
 2 Alex Killorn                                      40     0   5  0  

Penalty Kill - 3 Players Defense
   Defense                  Defense                  Time % Phy DF OF 
 1 James Wisniewski         Alexandre Picard         60     0   5  0  
 2 Brett Carson             Brian Lashoff            40     0   5  0  

4 vs 4 Forward 
   Center                   Wing                     Time % Phy DF OF 
 1 Petri Kontiola           Chris Kreider            60     0   0  5  
 2 Alex Killorn             Stefan Ruzicka           40     0   0  5  

4 vs 4 Defense
   Defense                  Defense                  Time % Phy DF OF 
 1 Alexandre Picard         James Wisniewski         60     0   2  3  
 2 Victor Bartley           Brett Carson             40     0   3  2  

Last Minutes Offensive
   Center                   Left Wing                Right Wing               Defense                  Defense                  
   Petri Kontiola           Chris Kreider            Stefan Ruzicka           Alexandre Picard         James Wisniewski         

Last Minutes Defensive
   Center                   Left Wing                Right Wing               Defense                  Defense                  
   Petri Kontiola           Chris Kreider            Stefan Ruzicka           James Wisniewski         Alexandre Picard         

Goaltenders
Starting : Peter Budaj              
Backup : Darcy Kuemper            

Extra Forwards
Normal : Alex Killorn, Chris Kreider, Petri Kontiola - PP : Chris Kreider, Petri Kontiola - PK : Petri Kontiola
Extra Defensemen
Normal : Brian Lashoff, James Wisniewski, Alexandre Picard - PP : Victor Bartley - PK : Brian Lashoff, Alexandre Picard
Penalty Shots
Petri Kontiola, Craig Smith, Chris Kreider, Peter Olvecky, Alexandre Picard

% Time on Ice - Staline

Lines # - Real PCT - Wanted PCT - Time Play
Normal Forward
1 - 32% - 40% - 13:21
2 - 32% - 30% - 13:35
3 - 24% - 20% - 10:08
4 - 12% - 10% - 5:17
Normal Defense
1 - 39% - 40% - 16:34
2 - 30% - 30% - 12:45
3 - 19% - 20% - 7:58
4 - 12% - 10% - 5:04
PP Forward
1 - 50% - 60% - 1:26
2 - 50% - 40% - 1:26
PP Defense
1 - 63% - 60% - 1:49
2 - 37% - 40% - 1:03
PK Forward
1 - 67% - 60% - 8:48
2 - 33% - 40% - 4:23
PK Defense
1 - 64% - 60% - 8:26
2 - 36% - 40% - 4:45
PK3 Forward
1 - 0% - 60%
2 - 0% - 40%
PK3 Defense
1 - 0% - 60%
2 - 0% - 40%
44 Forward
1 - 84% - 60% - 1:21
2 - 16% - 40% - 0:15
44 Defense
1 - 76% - 60% - 1:13
2 - 24% - 40% - 0:23
Last Minute Offensive  - 0:00
Last Minute Defensive  - 0:00
Total
Forward - 60:00
Defense - 60:00

% Time on Ice - Harfangs

Lines # - Real PCT - Wanted PCT - Time Play
Normal Forward
1 - 34% - 40% - 14:17
2 - 28% - 30% - 11:39
3 - 23% - 20% - 9:33
4 - 16% - 10% - 6:52
Normal Defense
1 - 42% - 40% - 17:37
2 - 31% - 30% - 12:56
3 - 24% - 20% - 10:19
4 - 4% - 10% - 1:29
PP Forward
1 - 56% - 60% - 7:25
2 - 44% - 40% - 5:46
PP Defense
1 - 53% - 60% - 7:00
2 - 47% - 40% - 6:11
PK Forward
1 - 88% - 60% - 2:32
2 - 12% - 40% - 0:20
PK Defense
1 - 57% - 60% - 1:38
2 - 43% - 40% - 1:14
PK3 Forward
1 - 0% - 60%
2 - 0% - 40%
PK3 Defense
1 - 0% - 60%
2 - 0% - 40%
44 Forward
1 - 84% - 60% - 1:21
2 - 16% - 40% - 0:15
44 Defense
1 - 74% - 60% - 1:11
2 - 26% - 40% - 0:25
Last Minute Offensive  - 0:00
Last Minute Defensive  - 0:00
Total
Forward - 60:00
Defense - 60:00

Play by Play

1st period


0:01 of 1st period - Petri Kontiola wins face-off versus Yan Stastny in neutral zone.
0:10 of 1st period - Snap shot by Devin Setoguchi.
0:10 of 1st period - Shot Misses the Net.
0:12 of 1st period - Slapshot by T.J. Fast.
0:12 of 1st period - Shot Blocked by James Wisniewski.
0:14 of 1st period - Slapshot by T.J. Fast.
0:14 of 1st period - Shot Misses the Net.
0:16 of 1st period - Slapshot by T.J. Fast.
0:16 of 1st period - Shot Blocked by James Wisniewski.
0:31 of 1st period - Slapshot by Peter Olvecky.
0:31 of 1st period - Shot Misses the Net.
0:53 of 1st period - Victor Bartley is hit by Mathieu Perreault and loses puck.
1:44 of 1st period - Snap shot by Mason Raymond.
1:44 of 1st period - Shot Misses the Net.
1:46 of 1st period - Wrist shot by Jared Boll.
1:46 of 1st period - Deflect By Peter Mueller.
1:46 of 1st period - Shot Misses the Net.
1:46 of 1st period - Puck is out of play.
1:47 of 1st period - Alex Killorn wins face-off versus Peter Mueller in Harfangs zone.
1:58 of 1st period - Snap shot by Alex Killorn.
1:58 of 1st period - Stopped by Tobias Stephan without a rebound.
1:59 of 1st period - Yan Stastny wins face-off versus Petri Kontiola in Staline zone.
1:59 of 1st period - Yan Stastny is hit by Chris Kreider.
2:15 of 1st period - Wrist shot by Pierre-Luc Létourneau.
2:15 of 1st period - Shot Misses the Net.
2:36 of 1st period - Slapshot by Roman Wick.
2:36 of 1st period - Stopped by Tobias Stephan without a rebound.
2:37 of 1st period - Peter Olvecky wins face-off versus Yan Stastny in Staline zone.
2:48 of 1st period - Slapshot by Alex Killorn.
2:48 of 1st period - Stopped by Tobias Stephan without a rebound.
2:49 of 1st period - Petri Kontiola wins face-off versus Peter Mueller in Staline zone.
2:56 of 1st period - Mason Raymond is hit by Petri Kontiola.
3:19 of 1st period - Slapshot by Stefan Ruzicka.
3:19 of 1st period - Shot Misses the Net.
3:21 of 1st period - Slapshot by Brian Lashoff.
3:21 of 1st period - Stopped by Tobias Stephan without a rebound.
3:22 of 1st period - Alex Killorn wins face-off versus Yan Stastny in Staline zone.
3:28 of 1st period - Icing by Tyler Cuma.
3:29 of 1st period - Alex Killorn wins face-off versus Yan Stastny in Staline zone.
3:55 of 1st period - Snap shot by Devin Setoguchi.
3:55 of 1st period - Stopped by Peter Budaj without a rebound.
3:56 of 1st period - Drew Shore wins face-off versus Peter Mueller in Harfangs zone.
4:09 of 1st period - Slapshot by James Wisniewski.
4:09 of 1st period - Stopped by Tobias Stephan with a rebound.
4:11 of 1st period - Slapshot by Alexandre Picard.
4:11 of 1st period - Shot Misses the Net.
6:13 of 1st period - Icing by Alexandre Picard.
6:14 of 1st period - Alex Killorn wins face-off versus Mathieu Perreault in Harfangs zone.
6:23 of 1st period - Slapshot by Chris Kreider.
6:23 of 1st period - Shot Misses the Net.
6:25 of 1st period - Snap shot by Petri Kontiola.
6:25 of 1st period - Stopped by Tobias Stephan without a rebound.
6:26 of 1st period - Petri Kontiola wins face-off versus Yan Stastny in Staline zone.
6:47 of 1st period - Minor Penalty to Aaron Ness for Holding.
6:48 of 1st period - Petri Kontiola wins face-off versus Pierre-Luc Létourneau in Staline zone.
6:57 of 1st period - Wrist shot by Chris Kreider.
6:57 of 1st period - Stopped by Tobias Stephan with a rebound.
6:59 of 1st period - Wrist shot by Chris Kreider.
6:59 of 1st period - Goal by Chris Kreider - Staline : 0 - Harfangs : 1.
7:00 of 1st period - Petri Kontiola wins face-off versus Yan Stastny in neutral zone.
7:09 of 1st period - Wrist shot by Chris Kreider.
7:09 of 1st period - Shot Misses the Net.
7:25 of 1st period - Keith Aulie is hit by Alex Killorn and loses puck.
7:53 of 1st period - Slapshot by Alexandre Picard.
7:53 of 1st period - Stopped by Tobias Stephan with a rebound.
7:55 of 1st period - Minor Penalty to Peter Mueller for Holding.
7:56 of 1st period - Pierre-Luc Létourneau wins face-off versus Petri Kontiola in Staline zone.
9:11 of 1st period - Devin Setoguchi is hit by Kyle Palmieri.
9:55 of 1st period - Penalty to Peter Mueller is over, Peter Mueller is back on ice.
9:59 of 1st period - Stu Bickel is hit by Craig Smith and loses puck.
10:19 of 1st period - Snap shot by Peter Mueller.
10:19 of 1st period - Deflect By Mason Raymond.
10:19 of 1st period - Shot Blocked by Craig Smith.
10:19 of 1st period - Puck is out of play.
10:20 of 1st period - Pierre-Luc Létourneau wins face-off versus Drew Shore in Harfangs zone.
10:21 of 1st period - Wrist shot by James Sheppard.
10:21 of 1st period - Shot Misses the Net.
10:27 of 1st period - Slapshot by Andrew Orpik.
10:27 of 1st period - Shot Misses the Net.
10:45 of 1st period - Snap shot by Mathieu Perreault.
10:45 of 1st period - Shot Misses the Net.
11:27 of 1st period - Wrist shot by Craig Smith.
11:27 of 1st period - Stopped by Tobias Stephan without a rebound.
11:28 of 1st period - Petri Kontiola wins face-off versus Mathieu Perreault in Staline zone.
11:29 of 1st period - Slapshot by Stefan Ruzicka.
11:29 of 1st period - Shot Misses the Net.
12:24 of 1st period - Slapshot by Alexandre Picard.
12:24 of 1st period - Deflect By Mike Hoffman.
12:24 of 1st period - Shot Misses the Net.
12:24 of 1st period - Puck is out of play.
12:25 of 1st period - Petri Kontiola wins face-off versus Peter Mueller in Staline zone.
12:36 of 1st period - Snap shot by Petri Kontiola.
12:36 of 1st period - Deflect By Stefan Ruzicka.
12:36 of 1st period - Shot Misses the Net.
12:36 of 1st period - Puck is out of play.
12:37 of 1st period - Petri Kontiola wins face-off versus Yan Stastny in Staline zone.
12:40 of 1st period - Snap shot by Stefan Ruzicka.
12:40 of 1st period - Stopped by Tobias Stephan with a rebound.
12:42 of 1st period - Wrist shot by Stefan Ruzicka.
12:42 of 1st period - Shot Blocked by T.J. Fast.
12:44 of 1st period - Wrist shot by Chris Kreider.
12:44 of 1st period - Shot Misses the Net.
13:12 of 1st period - Slapshot by Peter Olvecky.
13:12 of 1st period - Shot Misses the Net.
14:31 of 1st period - Nick Spaling is hit by Roman Wick and loses puck.
14:52 of 1st period - Peter Olvecky is hit by Pierre-Luc Létourneau and loses puck.
15:02 of 1st period - Wrist shot by Alex Killorn.
15:02 of 1st period - Stopped by Tobias Stephan without a rebound.
15:03 of 1st period - Petri Kontiola wins face-off versus Peter Mueller in Staline zone.
15:10 of 1st period - Snap shot by Stefan Ruzicka.
15:10 of 1st period - Stopped by Tobias Stephan without a rebound.
15:11 of 1st period - Yan Stastny wins face-off versus Petri Kontiola in Staline zone.
15:26 of 1st period - Wrist shot by Chris Kreider.
15:26 of 1st period - Stopped by Tobias Stephan with a rebound.
15:32 of 1st period - Minor Penalty to Stu Bickel for Interference.
15:33 of 1st period - Stefan Ruzicka wins face-off versus Pierre-Luc Létourneau in Staline zone.
15:38 of 1st period - Slapshot by Stefan Ruzicka.
15:38 of 1st period - Stopped by Tobias Stephan without a rebound.
15:39 of 1st period - Pierre-Luc Létourneau wins face-off versus Petri Kontiola in Staline zone.
16:10 of 1st period - Slapshot by James Wisniewski.
16:10 of 1st period - Shot Misses the Net.
16:12 of 1st period - Slapshot by Alexandre Picard.
16:12 of 1st period - Shot Hit the Post.
16:14 of 1st period - Snap shot by Alex Killorn.
16:14 of 1st period - Stopped by Tobias Stephan with a rebound.
17:32 of 1st period - Penalty to Stu Bickel is over, Stu Bickel is back on ice.
17:51 of 1st period - James Wisniewski is hit by Pierre-Luc Létourneau and loses puck.
18:04 of 1st period - Slapshot by Mathieu Perreault.
18:04 of 1st period - Shot Misses the Net.
18:06 of 1st period - Slapshot by Keith Aulie.
18:06 of 1st period - Shot Blocked by Craig Smith.
18:36 of 1st period - Minor Penalty to Torey Krug for Tripping.
18:37 of 1st period - Petri Kontiola wins face-off versus Pierre-Luc Létourneau in Staline zone.
18:38 of 1st period - Snap shot by Stefan Ruzicka.
18:38 of 1st period - Shot Misses the Net.
18:40 of 1st period - Slapshot by Brett Carson.
18:40 of 1st period - Shot Blocked by Pierre-Luc Létourneau.
18:42 of 1st period - Snap shot by Petri Kontiola.
18:42 of 1st period - Deflect By Pierre-Luc Létourneau.
18:42 of 1st period - Shot Misses the Net.
18:42 of 1st period - Puck is out of play.
18:43 of 1st period - Pierre-Luc Létourneau wins face-off versus Petri Kontiola in Staline zone.
19:16 of 1st period - Snap shot by Alex Killorn.
19:16 of 1st period - Shot Misses the Net.
19:18 of 1st period - Slapshot by Kyle Palmieri.
19:18 of 1st period - Goal by Kyle Palmieri - Staline : 0 - Harfangs : 2.
19:19 of 1st period - Petri Kontiola wins face-off versus Yan Stastny in neutral zone.
19:22 of 1st period - Backhand shot by Chris Kreider.
19:22 of 1st period - Stopped by Tobias Stephan without a rebound.
19:23 of 1st period - Petri Kontiola wins face-off versus Yan Stastny in Staline zone.
Goals for this period are 0 for Staline vs 2 for Harfangs.
Shots for this period are 1 for Staline vs 18 for Harfangs.

2nd period


0:01 of 2nd period - Petri Kontiola wins face-off versus Yan Stastny in neutral zone.
0:12 of 2nd period - Snap shot by Yan Stastny.
0:12 of 2nd period - Shot Misses the Net.
0:16 of 2nd period - Wrist shot by Yan Stastny.
0:16 of 2nd period - Shot Misses the Net.
1:14 of 2nd period - Corey Cowick is hit by Pierre-Luc Létourneau and loses puck.
1:31 of 2nd period - Wrist shot by Peter Mueller.
1:31 of 2nd period - Shot Blocked by Alexandre Picard.
1:47 of 2nd period - Snap shot by Alex Killorn.
1:47 of 2nd period - Shot Misses the Net.
1:49 of 2nd period - Slapshot by James Wisniewski.
1:49 of 2nd period - Deflect By Peter Olvecky.
1:49 of 2nd period - Shot Misses the Net.
1:49 of 2nd period - Puck is out of play.
1:50 of 2nd period - Mathieu Perreault wins face-off versus Alex Killorn in Staline zone.
2:28 of 2nd period - Snap shot by Stefan Ruzicka.
2:28 of 2nd period - Shot Misses the Net.
3:06 of 2nd period - Nick Spaling is hit by Mike Hoffman and loses puck.
3:29 of 2nd period - Wrist shot by Alex Killorn.
3:29 of 2nd period - Shot Misses the Net.
4:09 of 2nd period - Snap shot by Mathieu Perreault.
4:09 of 2nd period - Shot Blocked by Brett Carson.
4:31 of 2nd period - Snap shot by Mike Hoffman.
4:31 of 2nd period - Stopped by Tobias Stephan without a rebound.
4:32 of 2nd period - Mathieu Perreault wins face-off versus Chris Kreider in Staline zone.
4:39 of 2nd period - Snap shot by Nick Spaling.
4:39 of 2nd period - Stopped by Peter Budaj without a rebound.
4:40 of 2nd period - Petri Kontiola wins face-off versus Yan Stastny in Harfangs zone.
4:47 of 2nd period - Snap shot by Devin Setoguchi.
4:47 of 2nd period - Shot Misses the Net.
4:49 of 2nd period - Snap shot by Keith Aulie.
4:49 of 2nd period - Shot Misses the Net.
5:33 of 2nd period - Wrist shot by Mathieu Perreault.
5:33 of 2nd period - Stopped by Peter Budaj without a rebound.
5:34 of 2nd period - Petri Kontiola wins face-off versus Yan Stastny in Harfangs zone.
5:34 of 2nd period - Petri Kontiola is hit by Torey Krug.
5:44 of 2nd period - Snap shot by Chris Kreider.
5:44 of 2nd period - Shot Blocked by Michael Del Zotto.
5:46 of 2nd period - Snap shot by Chris Kreider.
5:46 of 2nd period - Goal by Chris Kreider - Staline : 0 - Harfangs : 3.
5:47 of 2nd period - Petri Kontiola wins face-off versus Yan Stastny in neutral zone.
5:52 of 2nd period - Snap shot by Stefan Ruzicka.
5:52 of 2nd period - Shot Misses the Net.
5:54 of 2nd period - Slapshot by Alexandre Picard.
5:54 of 2nd period - Shot Blocked by T.J. Fast.
5:56 of 2nd period - Snap shot by Petri Kontiola.
5:56 of 2nd period - Goal by Petri Kontiola - Staline : 0 - Harfangs : 4.
5:57 of 2nd period - Yan Stastny wins face-off versus Petri Kontiola in neutral zone.
5:59 of 2nd period - Minor Penalty to Stu Bickel for Tripping.
6:00 of 2nd period - Pierre-Luc Létourneau wins face-off versus Petri Kontiola in Staline zone.
6:06 of 2nd period - Wrist shot by Devin Setoguchi.
6:06 of 2nd period - Shot Misses the Net.
7:59 of 2nd period - Penalty to Stu Bickel is over, Stu Bickel is back on ice.
8:48 of 2nd period - Slapshot by T.J. Fast.
8:48 of 2nd period - Stopped by Peter Budaj without a rebound.
8:49 of 2nd period - Pierre-Luc Létourneau wins face-off versus Petri Kontiola in Harfangs zone.
9:46 of 2nd period - Slapshot by Devin Setoguchi.
9:46 of 2nd period - Stopped by Peter Budaj without a rebound.
9:47 of 2nd period - Devin Setoguchi wins face-off versus Kyle Palmieri in Harfangs zone.
10:18 of 2nd period - Snap shot by Stefan Ruzicka.
10:18 of 2nd period - Shot Misses the Net.
10:21 of 2nd period - Minor Penalty to Aaron Ness for Cross-checking.
10:22 of 2nd period - Stefan Ruzicka wins face-off versus Pierre-Luc Létourneau in Staline zone.
11:31 of 2nd period - Kyle Palmieri is hit by Mason Raymond and loses puck.
11:52 of 2nd period - Petri Kontiola is hit by Keith Aulie.
12:21 of 2nd period - Penalty to Aaron Ness is over, Aaron Ness is back on ice.
12:38 of 2nd period - Torey Krug is hit by Alexandre Picard and loses puck.
12:45 of 2nd period - Snap shot by Tomas Tatar.
12:45 of 2nd period - Stopped by Tobias Stephan with a rebound.
12:47 of 2nd period - Minor Penalty to Mason Raymond for Holding.
12:48 of 2nd period - Pierre-Luc Létourneau wins face-off versus Alex Killorn in Staline zone.
13:15 of 2nd period - Victor Bartley is hit by Mathieu Perreault and loses puck.
14:02 of 2nd period - Stu Bickel is hit by Brett Carson and loses puck.
14:47 of 2nd period - Penalty to Mason Raymond is over, Mason Raymond is back on ice.
14:50 of 2nd period - Keith Aulie is hit by Mike Hoffman and loses puck.
15:01 of 2nd period - Mason Raymond is hit by Craig Smith and loses puck.
15:29 of 2nd period - Torey Krug is hit by Craig Smith and loses puck.
16:12 of 2nd period - Stefan Ruzicka is hit by Nick Spaling.
19:10 of 2nd period - Slapshot by Nick Spaling.
19:10 of 2nd period - Stopped by Peter Budaj with a rebound.
Goals for this period are 0 for Staline vs 2 for Harfangs.
Shots for this period are 5 for Staline vs 4 for Harfangs.

3rd period


0:01 of 3rd period - Petri Kontiola wins face-off versus Yan Stastny in neutral zone.
0:08 of 3rd period - Pierre-Luc Létourneau is hit by Chris Kreider and loses puck.
0:37 of 3rd period - Wrist shot by Tomas Tatar.
0:37 of 3rd period - Shot Misses the Net.
0:49 of 3rd period - Kyle Palmieri is hit by Jared Boll and loses puck.
1:06 of 3rd period - Snap shot by Nick Spaling.
1:06 of 3rd period - Stopped by Peter Budaj with a rebound.
1:08 of 3rd period - Wrist shot by Nick Spaling.
1:08 of 3rd period - Deflect By Alexandre Picard.
1:08 of 3rd period - Shot Misses the Net.
1:08 of 3rd period - Puck is out of play.
1:09 of 3rd period - Drew Shore wins face-off versus Mathieu Perreault in Harfangs zone.
1:09 of 3rd period - Drew Shore is hit by Mathieu Perreault.
1:17 of 3rd period - Slapshot by Alexandre Picard.
1:17 of 3rd period - Stopped by Tobias Stephan with a rebound.
1:25 of 3rd period - Snap shot by Keith Aulie.
1:25 of 3rd period - Stopped by Peter Budaj with a rebound.
1:35 of 3rd period - Stefan Ruzicka is hit by Keith Aulie and loses puck.
2:34 of 3rd period - Snap shot by Corey Cowick.
2:34 of 3rd period - Shot Misses the Net.
2:36 of 3rd period - Snap shot by Mike Hoffman.
2:36 of 3rd period - Deflect By Drew Shore.
2:36 of 3rd period - Goal by Drew Shore - Staline : 0 - Harfangs : 5.
2:36 of 3rd period - Martin Houle enters game.
2:37 of 3rd period - Petri Kontiola wins face-off versus Yan Stastny in neutral zone.
2:37 of 3rd period - Chris Kreider is hit by Pierre-Luc Létourneau and loses puck.
2:49 of 3rd period - James Wisniewski beats up Stu Bickel.
2:49 of 3rd period - Penalty to James Wisniewski for Fighting.
2:49 of 3rd period - Penalty to Stu Bickel for Fighting.
2:50 of 3rd period - Petri Kontiola wins face-off versus Yan Stastny in Harfangs zone.
4:27 of 3rd period - Michael Del Zotto is hit by Stefan Ruzicka and loses puck.
4:44 of 3rd period - Snap shot by Peter Mueller.
4:44 of 3rd period - Shot Blocked by Andrew Orpik.
5:06 of 3rd period - Wrist shot by Craig Smith.
5:06 of 3rd period - Shot Blocked by David Kolomatis.
5:08 of 3rd period - Wrist shot by Alexandre Picard.
5:08 of 3rd period - Deflect By Roman Wick.
5:08 of 3rd period - Shot Misses the Net.
5:08 of 3rd period - Puck is out of play.
5:09 of 3rd period - Petri Kontiola wins face-off versus Peter Mueller in Staline zone.
5:10 of 3rd period - Wrist shot by Stefan Ruzicka.
5:10 of 3rd period - Stopped by Martin Houle with a rebound.
5:24 of 3rd period - Snap shot by Peter Mueller.
5:24 of 3rd period - Shot Misses the Net.
5:39 of 3rd period - Slapshot by Nick Spaling.
5:39 of 3rd period - Stopped by Peter Budaj with a rebound.
5:41 of 3rd period - Wrist shot by Mathieu Perreault.
5:41 of 3rd period - Stopped by Peter Budaj without a rebound.
5:42 of 3rd period - Yan Stastny wins face-off versus Alex Killorn in Harfangs zone.
5:47 of 3rd period - Slapshot by Pierre-Luc Létourneau.
5:47 of 3rd period - Stopped by Peter Budaj without a rebound.
5:48 of 3rd period - Alex Killorn wins face-off versus Yan Stastny in Harfangs zone.
5:48 of 3rd period - Peter Olvecky is hit by Keith Aulie and loses puck.
5:53 of 3rd period - Snap shot by Yan Stastny.
5:53 of 3rd period - Shot Misses the Net.
5:55 of 3rd period - Slapshot by Keith Aulie.
5:55 of 3rd period - Shot Blocked by Brian Lashoff.
5:57 of 3rd period - Wrist shot by Pierre-Luc Létourneau.
5:57 of 3rd period - Shot Misses the Net.
5:59 of 3rd period - Slapshot by Tyler Cuma.
5:59 of 3rd period - Stopped by Peter Budaj with a rebound.
6:01 of 3rd period - Snap shot by Devin Setoguchi.
6:01 of 3rd period - Shot Misses the Net.
6:03 of 3rd period - Slapshot by Tyler Cuma.
6:03 of 3rd period - Deflect By Brian Lashoff.
6:03 of 3rd period - Stopped by Peter Budaj without a rebound.
6:04 of 3rd period - Petri Kontiola wins face-off versus Peter Mueller in Harfangs zone.
6:04 of 3rd period - Petri Kontiola is hit by Michael Del Zotto.
6:15 of 3rd period - Minor Penalty to Michael Del Zotto for Hooking.
6:16 of 3rd period - Petri Kontiola wins face-off versus Pierre-Luc Létourneau in Staline zone.
6:56 of 3rd period - Wrist shot by Mason Raymond.
6:56 of 3rd period - Stopped by Peter Budaj with a rebound.
6:58 of 3rd period - Slapshot by Tyler Cuma.
6:58 of 3rd period - Stopped by Peter Budaj without a rebound.
6:59 of 3rd period - Petri Kontiola wins face-off versus Pierre-Luc Létourneau in Harfangs zone.
7:26 of 3rd period - Mason Raymond is hit by Kyle Palmieri and loses puck.
7:49 of 3rd period - Penalty to Stu Bickel is over, Stu Bickel is back on ice.
8:15 of 3rd period - Penalty to Michael Del Zotto is over, Michael Del Zotto is back on ice.
8:23 of 3rd period - Wrist shot by Michael Del Zotto.
8:23 of 3rd period - Shot Blocked by Roman Wick.
8:25 of 3rd period - Snap shot by Pierre-Luc Létourneau.
8:25 of 3rd period - Stopped by Peter Budaj with a rebound.
8:33 of 3rd period - Slapshot by Pierre-Luc Létourneau.
8:33 of 3rd period - Stopped by Peter Budaj without a rebound.
8:34 of 3rd period - Drew Shore wins face-off versus Mathieu Perreault in Harfangs zone.
8:34 of 3rd period - Drew Shore is hit by Mathieu Perreault.
8:58 of 3rd period - Keith Aulie is hit by Craig Smith and loses puck.
9:11 of 3rd period - Slapshot by Roman Wick.
9:11 of 3rd period - Deflect By Tomas Tatar.
9:11 of 3rd period - Stopped by Martin Houle with a rebound.
9:27 of 3rd period - Peter Mueller is hit by Brett Carson and loses puck.
9:47 of 3rd period - Minor Penalty to Stefan Ruzicka for Charging.
9:48 of 3rd period - Petri Kontiola wins face-off versus Yan Stastny in Harfangs zone.
10:20 of 3rd period - Snap shot by Jared Boll.
10:20 of 3rd period - Shot Blocked by Tomas Tatar.
10:22 of 3rd period - Snap shot by Stu Bickel.
10:22 of 3rd period - Shot Blocked by Alexandre Picard.
10:32 of 3rd period - Tomas Tatar is hit by Stu Bickel and loses puck.
11:47 of 3rd period - Penalty to Stefan Ruzicka is over, Stefan Ruzicka is back on ice.
12:20 of 3rd period - Torey Krug is hit by Corey Cowick and loses puck.
12:29 of 3rd period - Slapshot by Mike Hoffman.
12:29 of 3rd period - Deflect By Michael Del Zotto.
12:29 of 3rd period - Stopped by Martin Houle with a rebound.
12:31 of 3rd period - Snap shot by Mike Hoffman.
12:31 of 3rd period - Goal by Mike Hoffman - Staline : 0 - Harfangs : 6.
12:32 of 3rd period - Yan Stastny wins face-off versus Petri Kontiola in neutral zone.
12:35 of 3rd period - Slapshot by Tyler Cuma.
12:35 of 3rd period - Shot Misses the Net.
13:14 of 3rd period - Peter Olvecky is hit by Jared Boll and loses puck.
13:21 of 3rd period - Mason Raymond is hit by Kyle Palmieri and loses puck.
13:38 of 3rd period - Slapshot by Keith Aulie.
13:38 of 3rd period - Shot Misses the Net.
13:40 of 3rd period - Snap shot by Jared Boll.
13:40 of 3rd period - Shot Blocked by Peter Olvecky.
13:42 of 3rd period - Slapshot by Mason Raymond.
13:42 of 3rd period - Shot Blocked by Victor Bartley.
13:44 of 3rd period - Snap shot by Peter Mueller.
13:44 of 3rd period - Goal by Peter Mueller - Staline : 1 - Harfangs : 6.
13:45 of 3rd period - Yan Stastny wins face-off versus Petri Kontiola in neutral zone.
13:56 of 3rd period - Snap shot by Pierre-Luc Létourneau.
13:56 of 3rd period - Stopped by Peter Budaj with a rebound.
14:12 of 3rd period - Slapshot by Nick Spaling.
14:12 of 3rd period - Goal by Nick Spaling - Staline : 2 - Harfangs : 6.
14:13 of 3rd period - Petri Kontiola wins face-off versus Yan Stastny in neutral zone.
14:51 of 3rd period - Wrist shot by Mason Raymond.
14:51 of 3rd period - Shot Blocked by Peter Olvecky.
15:03 of 3rd period - Wrist shot by Nick Spaling.
15:03 of 3rd period - Shot Blocked by Alexandre Picard.
15:05 of 3rd period - Snap shot by Nick Spaling.
15:05 of 3rd period - Deflect By Mathieu Perreault.
15:05 of 3rd period - Shot Blocked by Roman Wick.
15:05 of 3rd period - Puck is out of play.
15:06 of 3rd period - Yan Stastny wins face-off versus Craig Smith in Harfangs zone.
16:49 of 3rd period - Minor Penalty to Stefan Ruzicka for Tripping.
16:50 of 3rd period - Yan Stastny wins face-off versus Petri Kontiola in Harfangs zone.
16:53 of 3rd period - Wrist shot by Yan Stastny.
16:53 of 3rd period - Shot Blocked by Petri Kontiola.
16:55 of 3rd period - Wrist shot by Devin Setoguchi.
16:55 of 3rd period - Shot Blocked by Tomas Tatar.
16:57 of 3rd period - Wrist shot by Pierre-Luc Létourneau.
16:57 of 3rd period - Stopped by Peter Budaj with a rebound.
16:59 of 3rd period - Snap shot by Yan Stastny.
16:59 of 3rd period - Shot Misses the Net.
17:01 of 3rd period - Snap shot by T.J. Fast.
17:01 of 3rd period - Stopped by Peter Budaj with a rebound.
17:03 of 3rd period - Snap shot by T.J. Fast.
17:03 of 3rd period - Stopped by Peter Budaj with a rebound.
17:05 of 3rd period - Slapshot by Devin Setoguchi.
17:05 of 3rd period - Shot Misses the Net.
17:19 of 3rd period - Wrist shot by Stu Bickel.
17:19 of 3rd period - Goal by Stu Bickel - Staline : 3 - Harfangs : 6.
17:20 of 3rd period - Yan Stastny wins face-off versus Stefan Ruzicka in neutral zone.
17:32 of 3rd period - Minor Penalty to Stu Bickel for Goalie Interference.
17:33 of 3rd period - Pierre-Luc Létourneau wins face-off versus Petri Kontiola in Staline zone.
17:55 of 3rd period - Minor Penalty to Stefan Ruzicka for Interference.
17:56 of 3rd period - Pierre-Luc Létourneau wins face-off versus Petri Kontiola in Harfangs zone.
17:57 of 3rd period - Snap shot by Devin Setoguchi.
17:57 of 3rd period - Stopped by Peter Budaj with a rebound.
18:11 of 3rd period - Snap shot by Michael Del Zotto.
18:11 of 3rd period - Stopped by Peter Budaj with a rebound.
18:41 of 3rd period - Wrist shot by Nick Spaling.
18:41 of 3rd period - Stopped by Peter Budaj without a rebound.
18:42 of 3rd period - Petri Kontiola wins face-off versus Pierre-Luc Létourneau in Harfangs zone.
19:04 of 3rd period - Nick Spaling is hit by Alex Killorn.
19:08 of 3rd period - Corey Cowick is hit by T.J. Fast and loses puck.
19:32 of 3rd period - Penalty to Stu Bickel is over, Stu Bickel is back on ice.
19:47 of 3rd period - Brett Carson is hit by Mason Raymond and loses puck.
19:55 of 3rd period - Penalty to Stefan Ruzicka is over, Stefan Ruzicka is back on ice.
19:58 of 3rd period - Slapshot by Brett Carson.
19:58 of 3rd period - Stopped by Martin Houle without a rebound.
19:59 of 3rd period - Alex Killorn wins face-off versus Mathieu Perreault in Staline zone.
Goals for this period are 3 for Staline vs 2 for Harfangs.
Shots for this period are 21 for Staline vs 7 for Harfangs.


Output by the SimonT Hockey Simulator (STHS) for François Prévost -- Original Page W3C XHTML 1.0 Valid
Hockey Simulator - Hockey Simulation - Hockey Manager